 Dungeon Crawl Stone Soup version 0.21-a0-203-gb066a6e (webtiles) character file.

2556 Deeps the Cleaver (level 9, -1/90 HPs)
             Began as a Deep Dwarf Fighter on Aug 19, 2017.
             Slain by an orc warrior
             ... wielding a +0 glaive
              (12 damage)
             ... on level 7 of the Dungeon.
             The game lasted 00:09:30 (4913 turns).

Deeps the Cleaver (Deep Dwarf Fighter)              Turns: 4913, Time: 00:09:30

Health: -1/90      AC:  9    Str: 25 (27) XL:     9   Next: 31%
Magic:  7/7        EV:  7    Int:  7 (10) God:
Gold:   448        SH: 10    Dex: 13 (14) Spells: 8/8 levels left

rFire    . . .     SeeInvis .   a - +0 war axe
rCold    . . .     Gourm    .   c - +0 shield
rNeg     . . .     Faith    .   b - +0 scale mail
rPois    .         Spirit   .   y - +0 helmet
rElec    .         Reflect  .   (no cloak)
rCorr    .         Harm     .   (no gloves)
MR       +....                  v - +0 pair of boots
Stlth    +.........             (no amulet)
HPRegen  0.00/turn              z - +5 ring of strength
MPRegen  0.10/turn              (no ring)

@: non-regenerating
A: damage resistance, heal wounds, talons 1, thin skeletal structure 1,
camouflage 1, sense surroundings 2, no regeneration
a: Heal Wounds


You were on level 7 of the Dungeon.
You were not hungry.

You visited 1 branch of the dungeon, and saw 7 of its levels.
You also visited: Ossuary.

You collected 448 gold pieces.

Inventory:

Hand Weapons
 a - a +0 war axe (weapon)
Armour
 b - a +0 scale mail (worn)
 c - a +0 shield (worn)
 v - a +0 pair of boots (worn)
 y - a +0 helmet (worn)
Jewellery
 z - a +5 ring of strength (left hand)
Wands
 d - a wand of polymorph (10/24)
 k - a wand of flame (37/48)
Scrolls
 e - a scroll of amnesia
 g - 3 scrolls of remove curse
 l - 2 scrolls of recharging
 q - a scroll of fear
 s - 2 scrolls of fog
 u - 5 scrolls of identify
 x - 2 scrolls of magic mapping
Potions
 i - 5 potions of lignification
 n - 4 potions of agility
 r - 3 potions of degeneration
 w - a potion of flight
 D - 5 potions of curing
 E - a potion of might
Comestibles
 f - 3 bread rations
 o - 4 royal jellies
 p - a meat ration


   Skills:
 + Level 8.6 Fighting
 + Level 10.1 Axes
 - Level 3.2 Armour
 - Level 3.2 Shields


You had 8 spell levels left.
You didn't know any spells.

Dungeon Overview and Level Annotations

Branches:
Dungeon (7/15)
 Temple: D:4-7

Altars:
Gozag

Shops:
D:5 *


Innate Abilities, Weirdness & Mutations

You are resistant to damage.
You can heal yourself by infusing magical energy.
You passively map the area around you.
You do not regenerate.
You have sharp toenails.
You have a somewhat thin skeletal structure. (Dex +2, Stealth)
Your skin changes colour to match your surroundings (Stealth+).


Message History

You slash the orc priest!
You kill the orc priest!
You block the orc warrior's attack. You block the orc warrior's attack.
Things that are here:
a war axe; a leather armour; an orc corpse You closely miss the orc warrior.
The orc warrior completely misses you.
You barely miss the orc warrior. The orc warrior hits you with a glaive.
* * * LOW HITPOINT WARNING * * *
You barely miss the orc warrior.
You hit the orc warrior but do no damage.
The orc warrior hits you with a glaive!
* * * LOW HITPOINT WARNING * * *
You hit the orc warrior but do no damage.
The orc warrior hits you with a glaive!
* * * LOW HITPOINT WARNING * * *
You closely miss the orc warrior. You block the orc warrior's attack.
You hit the orc warrior but do no damage.
The orc warrior hits you with a glaive!
You die...

, , , * * , * , ,
..* ,,, * , #.# , *
, * , * #.# * * ,
#.# , , * , #.# . ,
, ######.#####...*,
,.............#. ,
* # ,
#.#..@o......* * **
##.<###.#)#####.##*
, * ..[.....).# , *
##.###...# * , *
,#........# ,, ,
....,,#..###..##
,,, * ....... #..#
, , * #..##* #..# *
, #..# * #.## * * ,


You could see an orc warrior.

Vanquished Creatures
  Pikel (D:4)
  The ghost of Deeps the Firebug, a novice DrFE (D:5)
  An ice beast (D:7)
  A slave (D:4)
  2 sky beasts
  2 ogres (D:6)
  A phantom (D:6)
  A centaur (D:5)
  2 elf zombies (Ossuary)
  A water moccasin zombie (D:6)
  A scorpion (D:5)
  3 wights (D:6)
  A howler monkey (D:4)
  A bullfrog zombie (D:6)
  3 crimson imps
  2 orc wizards
  A centaur zombie (D:7)
  A bullfrog skeleton (D:5)
  2 human zombies (Ossuary)
  An orc priest (D:7)
  Ijyb (D:3)
  2 iguanas
  4 worker ants
  A hound zombie (D:5)
  4 mummies (Ossuary)
  6 adders
  A shadow imp (D:6)
  An ooze (D:2)
  An adder zombie (Ossuary)
  4 worms
  A dart slug (D:1)
  3 leopard geckos (D:3)
  4 orcs
  7 bats
  3 giant cockroaches
  2 gnoll zombies (Ossuary)
  11 hobgoblins
  8 jackals
  8 kobolds
  4 quokkas
  4 frilled lizards
  4 goblins
  A jackal zombie (Ossuary)
  A leopard gecko skeleton (D:4)
  2 orc zombies (Ossuary)
  A quokka zombie (D:7)
  6 rats
  2 rat zombies (Ossuary)
126 creatures vanquished.

Vanquished Creatures (others)
  A ball python (D:4)
  A frilled lizard (D:4)
2 creatures vanquished.

Grand Total: 128 creatures vanquished

Notes
Turn   | Place    | Note
-------+----------+-------------------------------------------
     0 | D:1      | Deeps the Deep Dwarf Fighter began the quest for the Orb.
     0 | D:1      | Reached XP level 1. HP: 20/20 MP: 1/1
   292 | D:1      | Reached XP level 2. HP: 27/27 MP: 2/2
  1031 | D:2      | Reached skill level 3 in Axes
  1202 | D:2      | Reached XP level 3. HP: 30/34 MP: 3/3
  1810 | D:3      | Reached XP level 4. HP: 19/44 MP: 4/4
  2114 | D:3      | Reached skill level 4 in Axes
  2248 | D:3      | Noticed Ijyb
  2259 | D:3      | Killed Ijyb
  2367 | D:3      | Reached XP level 5. HP: 36/50 MP: 5/5
  2455 | D:4      | Noticed a slave
  2470 | D:4      | Killed a slave
  2522 | D:4      | Noticed a slave
  2523 | D:4      | Noticed Pikel
  2524 | D:4      | Noticed a slave
  2524 | D:4      | Noticed a slave
  2544 | D:4      | Killed Pikel
  2544 | D:4      | Reached skill level 5 in Fighting
  2544 | D:4      | Reached skill level 6 in Axes
  2544 | D:4      | Reached XP level 6. HP: 24/61 MP: 6/6
  2544 | D:4      | Reached XP level 7. HP: 26/67 MP: 7/7
  2727 | D:4      | Found an opulent altar of Gozag.
  2913 | D:5      | Entered Level 5 of the Dungeon
  2942 | D:5      | Noticed Deeps's ghost (novice DrFE)
  2955 | D:5      | Killed Deeps's ghost
  2955 | D:5      | Reached skill level 7 in Axes
  2955 | D:5      | Reached XP level 8. HP: 32/78 MP: 8/8
  3073 | D:5      | Reached skill level 8 in Axes
  3184 | D:5      | Found Soiqor's General Store.
  3897 | D:6      | Reached skill level 9 in Axes
  3946 | D:6      | HP: 4/81 [wight/halberd (1)]
  4045 | D:6      | Found a sand-covered staircase.
  4052 | Ossuary  | Entered an ossuary
  4081 | Ossuary  | Gained mutation: You passively map the area around you. [Deep Dwarf growth]
  4081 | Ossuary  | Reached XP level 9. HP: 16/88 MP: 7/7
  4340 | D:6      | Gained mutation: You have sharp toenails. [potion of mutation]
  4340 | D:6      | Gained mutation: You have a somewhat thin skeletal structure. (Dex +2, Stealth) [potion of mutation]
  4340 | D:6      | Gained mutation: Your skin changes colour to match your surroundings (Stealth+). [potion of mutation]
  4867 | D:7      | Reached skill level 10 in Axes
  4913 | D:7      | Slain by an orc warrior

Vault maps used:
D:1:      lightli_arrival_statue_moat, kennysheep_decorative_pillar
D:2:      first_bread
D:3:      st_stairs_4, uniq_ijyb
D:4:      nicolae_gozag_cash_rules_everything_around_me, uniq_pikel
D:5:      serial_shops, nicolae_shop_crystal
D:6:      chequers_ossuary_entry_cave
D:7:      temple_hall, grunt_ogre_cave, lemuel_old_faithful
Ossuary:  ossuary_minmay_tomb_2a

Skill      XL: |  1  2  3  4  5  6  7  8  9 |
---------------+----------------------------+-----
Fighting       | 3 4 5 6 8 |  8.6
Axes           | 3 4 6 7 9 10 | 10.1
Armour         | |  3.2
Shields        | |  3.2

Action                   |  1- 3 |  4- 6 |  7- 9 || total
-------------------------+-------+-------+-------++-------
Melee: War axe           |    99 |   114 |   281 ||   494
 Abil: Heal Wounds       |       |     2 |    12 ||    14
  Use: Potion            |       |     3 |     8 ||    11
       Scroll            |       |       |    11 ||    11
  Eat: Chunk             |     3 |     2 |       ||     5
       Bread ration      |       |       |     2 ||     2
Armor: Scale mail        |    46 |    52 |   111 ||   209
Dodge: Dodged            |    33 |    33 |    76 ||   142
Block: Shield            |    51 |    71 |   129 ||   251
